 Dungeon Crawl Stone Soup version 0.28.0-43-g3370ac3207 (webtiles) character file.

Game seed: 5231150149337848390

46 sking99 the Cudgeller (level 3, -4/24 HPs)
             Began as a Gargoyle Monk on Mar 23, 2022.
             Slain by an orc priest
             ... wielding a +0 trident
              (6 damage)
             ... on level 1 of the Dungeon.
             The game lasted 00:02:55 (1396 turns).

sking99 the Cudgeller (Gargoyle Monk)               Turns: 1396, Time: 00:02:56

Health: -4/24      AC:  6    Str: 16    XL:     3   Next: 66%
Magic:  3/3        EV: 12    Int: 10    God:
Gold:   33         SH:  5    Dex: 12    Spells: 2/2 levels left

rFire   . . .      SeeInvis .   a - +0 mace
rCold   . . .      Faith    .   (no shield)
rNeg    + . .      Spirit   .   i - +0 leather armour
rPois   ∞          Reflect  +   h - +0 hat
rElec   +          Harm     .   (no cloak)
rCorr   .          Rampage  .   (no gloves)
Will    .....                   (no boots)
Stlth   ++........              d - amulet of reflection
HPRegen 0.08/turn               (no ring)
MPRegen 0.08/turn               (no ring)

@: flying
A: sickness immunity, AC +3, negative energy resistance 1, electricity
resistance, torment resistance 1, petrification resistance
a: no special abilities


You were on level 1 of the Dungeon.
You visited 1 branch of the dungeon, and saw 2 of its levels.

You collected 33 gold pieces.

Inventory:

Hand Weapons
 a - a +0 mace (weapon)
Armour
 h - a +0 hat (worn)
 i - a +0 leather armour (worn)
Jewellery
 d - an amulet of reflection (around neck)
Scrolls
 b - a scroll of enchant armour {unknown}
 f - a scroll of fog {unknown}
 j - a scroll of identify {unknown}
 k - a scroll of holy word {unknown}
 l - a scroll of immolation {unknown}
Potions
 c - a potion of brilliance {unknown}
 g - a potion of curing {unknown}


   Skills:
 + Level 3.9 Fighting
 * Level 4.1 Maces & Flails
 - Level 2.4 Dodging
 - Level 2.1 Stealth


You had 2 spell levels left.
You didn't know any spells.
Your spell library was empty.

Dungeon Overview and Level Annotations

Branches:
Dungeon (2/15)

Altars:

Shops:
D:2 (:([[


Innate Abilities, Weirdness & Mutations

You are immune to sickness and miasma.
Your stone body is resilient. (AC +3)
You are immune to poison.
You resist negative energy. (rN+)
You are resistant to electric shocks. (rElec)
You are resistant to unholy torment.
You are immune to petrification.


Message History

The orc priest shouts!
You hit the orc but do no damage. You block the orc's attack.
You sock the orc!
You kill the orc!
Things that are here:
a +0 whip; a +0 ring mail; a +0 dagger
Found 11 gold pieces.
The orc priest miscasts a cantrip.
The orc wizard mumbles some strange words.
The orc wizard flickers and vanishes!
Deactivating autopickup; reactivate with Ctrl-A.
There is an escape hatch in the ceiling here.
The orc priest hits you with a +0 trident.
There is an escape hatch in the ceiling here.
The orc priest mumbles some strange prayers to Beogh against you.
You barely resist. A mysterious force pulls you upwards.
The hatch slams shut behind you.
Reactivating autopickup.
You hit the orc priest but do no damage.
The orc priest hits you with a +0 trident.
You closely miss the orc priest.
The orc priest calls down the wrath of Beogh upon you.
Beogh smites you!
Ouch! That really hurt!
* * * LOW HITPOINT WARNING * * *
You hit the orc priest but do no damage.
The orc priest hits you with a +0 trident.
* * * LOW HITPOINT WARNING * * *
You block the orc priest's attack.
You hit the orc priest but do no damage.
The orc priest hits you but does no damage.
You barely miss the orc priest. You block the orc priest's attack.
You hit the orc priest but do no damage.
The orc priest hits you with a +0 trident.
* * * LOW HITPOINT WARNING * * *
It was a potion of flight.
You feel very buoyant.
You fly up into the air.
The orc priest hits you with a +0 trident.
You die...

.##########.### #.# #.# #.#
).............######.#########.#
...##.....##...................#
.......###########.#############
.......# #...#.# #.# #.######
#.#.#.### #.# #.# ###
####.#.#...# #.# #.# #.#
#....#o#.#.####.# #.#
#.###.####@###......#
#.#####.#...##.#.........##
#..................#.....#
#######.###.#......#.....# ###
#..........#.#.....# ##
#.###.()...#.#.##### # #.#
#......#.###### # #.#
#......#......# # #.#
#......######.#


You could see an orc priest.

Vanquished Creatures
  An adder (D:2)
  An orc (D:2)
  2 bats
  4 endoplasms
  3 goblins (D:1)
  3 hobgoblins (D:1)
  2 quokkas (D:2)
  4 ball pythons (D:1)
  3 frilled lizards
  6 kobolds
  5 rats
34 creatures vanquished.

Vanquished Creatures (others)
  68 plants (D:1)
68 creatures vanquished.

Grand Total: 102 creatures vanquished

Notes
Turn   | Place    | Note
-------+----------+-------------------------------------------
     0 | D:1      | sking99 the Gargoyle Monk began the quest for the Orb.
     0 | D:1      | Reached XP level 1. HP: 14/14 MP: 1/1
    37 | D:1      | Found a faded altar of an unknown god.
   169 | D:1      | Reached XP level 2. HP: 13/19 MP: 2/2
  1109 | D:2      | Found Wiecrel's Armour Shop.
  1116 | D:2      | Reached XP level 3. HP: 24/24 MP: 3/3
  1192 | D:2      | Reached skill level 4 in Maces & Flails
  1249 | D:2      | Found Rudizelo's Weapon Shop.
  1260 | D:2      | Found Mucliw's Weapon Emporium.
  1327 | D:2      | Found Pecs's Book Shop.
  1331 | D:2      | Found Wifop's Armour Emporium.
  1396 | D:1      | Slain by an orc priest

Illustrated notes

Levels and vault maps discovered:
D:1:      roderic_crop_circles_arrival_small, layout_rooms,
          basic_ecumenical_altar, serial_co_window_serial, co_window_paths_a,
          co_window_corner_a, co_window_cross_1, co_window_corner_a,
          co_window_of_opportunity_a, co_window_2corner, co_window_corner_b,
          co_window_corner_b, co_window_corner_b, co_window_2corner,
          co_window_paths_d
D:2:      layout_basic, serial_shops, shop, nicolae_shop_statue_plus, shop,
          nicolae_shop_crystal, shop, minmay_tetromino_t2

Skill      XL: |  1  2  3 |
---------------+----------+-----
Maces & Flails | 4 |  4.1
Fighting       | |  3.9
Dodging        | |  2.4
Stealth        | |  2.1

Action                   || total
-------------------------++-------
Melee: Mace              ||    87
  Use: Potion            ||     1
 Stab: Sleeping          ||     4
Armor: Robe              ||    12
       Leather armour    ||     7
Dodge: Dodged            ||    46
Block: Other             ||    10
       Reflection        ||     1
